AoeStats
← Shredded_Pork

Lombardia

507710459Analyzed
4v4 RM · 12d ago on Sep 19, 2026· 55m 19s· 8 players
Game mode
Random Map
Map size
Large (8 player)
Population
200
Speed
Normal
Resources
Standard
Victory
Conquest
Starting age
Dark Age
Ending age
Imperial Age
RankedLock teamsTeams togetherTeam positionsShared explorationLock speedFull tech treeHidden civsTurbo modeCheats
Victory
Defeat
🇨🇳 Saracens · China
747
+13
🇹🇼 Magyars · Taiwan
723
+14
🇸🇬 Huns · Singapore
723
+14
🇨🇳 Wu · China
704
+17
🇮🇳 Dravidians · India
738
-16
🇬🇷 Britons · Greece
718
-17
🇷🇺 Burgundians · Russia
634
-12
🇩🇪 Chinese · Germany
612
-11
Whth
9:59 Feudal Age
9:33 Loom
20:18 Castle Age
18:27 Horse Collar
18:51 Gold Mining
21:39 Double-Bit Axe
24:31 Wheelbarrow
24:15 Bow Saw
24:41 Heavy Plow
26:34 Hand Cart
28:53 Red Cliffs Tactics
29:55 Fletching
30:06 Padded Archer Armor
31:15 Bodkin Arrow
31:36 Leather Archer Armor
32:15 Stone Mining
37:08 Imperial Age
35:40 Gold Shaft Mining
35:43 Stone Shaft Mining
36:02 Caravan
36:53 Ballistics
37:13 Treadmill Crane
38:49 Two-Man Saw
37:59 Bracer
38:58 Conscription
38:01 Elite Fire Archer
41:16 Chemistry
42:27 Sitting Tiger
45:50 Masonry
46:48 Forging
46:38 Scale Mail Armor
47:49 Squires
47:35 Arson
48:34 Iron Casting
50:28 Blast Furnace
49:44 Chain Mail Armor
49:03 Pikeman
50:48 Fervor
50:34 Herbal Medicine
51:10 Sanctity
50:36 Halberdier
51:47 Redemption
54:04 Town Watch
55:31 Plate Mail Armor
Shredded_Pork
11:31 Feudal Age
12:43 Double-Bit Axe
20:31 Castle Age
21:43 Horse Collar
21:57 Stone Mining
21:58 Gold Mining
23:49 Heavy Plow
24:06 Bow Saw
33:29 Imperial Age
32:39 Wheelbarrow
33:31 Forging
33:27 Scale Barding Armor
34:05 Hand Cart
35:29 Two-Man Saw
34:23 Gold Mining
35:15 Conscription
35:00 Husbandry
35:11 Bloodlines
35:41 Iron Casting
35:26 Chain Barding Armor
35:50 Gold Shaft Mining
38:11 Blast Furnace
38:20 Plate Barding Armor
45:15 Elite Mameluke
jimmy800825
12:22 Feudal Age
13:53 Double-Bit Axe
18:12 Horse Collar
19:53 Bloodlines
21:38 Scale Barding Armor
22:16 Wheelbarrow
25:59 Castle Age
26:44 Husbandry
26:59 Elite Skirmisher
27:46 Stone Mining
29:28 Chain Barding Armor
30:30 Heavy Plow
34:27 Bow Saw
36:24 Gold Mining
36:48 Corvinian Army
37:29 Caravan
42:47 Imperial Age
43:16 Cavalier
44:35 Plate Barding Armor
44:50 Elite Magyar Huszar
Soldaris
3:16 Loom
10:29 Feudal Age
11:07 Double-Bit Axe
12:00 Wheelbarrow
11:24 Horse Collar
14:46 Gold Mining
15:18 Stone Mining
19:31 Castle Age
20:32 Bow Saw
20:25 Heavy Plow
Laulipauliquappenkauli
11:54 Feudal Age
12:56 Double-Bit Axe
13:29 Horse Collar
14:40 Wheelbarrow
14:27 Gold Mining
19:16 Stone Mining
23:13 Castle Age
22:54 Scale Mail Armor
25:35 Bow Saw
27:12 Coinage
28:30 Chain Mail Armor
27:38 Man-at-Arms
27:45 Pikeman
29:35 Hand Cart
29:45 Heavy Plow
30:14 Long Swordsman
31:10 Heated Shot
31:35 Masonry
37:52 Imperial Age
35:44 Forging
38:07 Two-Handed Swordsman
39:00 Champion
Shahanshah 7
14:03 Feudal Age
13:53 Loom
19:45 Castle Age
19:46 Wheelbarrow
22:38 Hand Cart
27:09 Double-Bit Axe
31:02 Bow Saw
31:01 Pikeman
31:42 Squires
31:28 Arson
37:13 Imperial Age
35:58 Scale Mail Armor
36:09 Forging
35:50 Fletching
36:00 Padded Archer Armor
37:21 Halberdier
40:59 Chemistry
41:44 Elite Elephant Archer
47:18 Two-Man Saw
PONI_PAI
1:55 Loom
10:41 Wheelbarrow
13:39 Feudal Age
17:00 Horse Collar
17:07 Double-Bit Axe
20:58 Heavy Plow
21:10 Bow Saw
24:19 Hand Cart
23:50 Town Watch
24:31 Caravan
29:53 Castle Age
29:45 Gold Mining
29:45 Stone Mining
30:03 Scale Barding Armor
30:09 Forging
31:03 Town Patrol
33:33 Two-Man Saw
33:38 Fortified Wall
34:34 Burgundian Vineyards
36:37 Cavalier
37:17 Husbandry
38:12 Chain Barding Armor
38:28 Iron Casting
Kiria
0:48 Loom
10:50 Feudal Age
12:29 Double-Bit Axe
15:24 Gold Mining
15:26 Stone Mining
18:38 Horse Collar
24:47 Castle Age
27:48 Caravan
28:57 Gold Shaft Mining
28:25 Heavy Plow
28:42 Bow Saw
37:05 Imperial Age
34:33 Town Watch
36:04 Forging
35:54 Scale Mail Armor
35:46 Fletching
35:56 Padded Archer Armor
37:06 Ballistics
37:00 Fortified Wall
36:32 Pikeman
36:59 Gambesons
37:15 Squires
37:01 Arson
37:48 Masonry
38:18 Iron Casting
37:58 Chain Mail Armor
38:49 Conscription
38:52 Yeomen
Connection lost

Rejoining the realm…

Still unreachable

The connection could not be restored.

Session expired

The server has moved on; the page needs a fresh start.